 Dungeon Crawl Stone Soup version 0.32-a0-587-gb28a26c (webtiles) character file.

Game seed: 12942018155744975180

136740 UltraSeven the Warrior (level 16, -6/210 HPs)
             Began as a Pale Draconian Shapeshifter on Mar 2, 2024.
             Was a High Priest of Wu Jian.
             Mangled by a golden dragon simulacrum (15 damage)
             ... in an ice cave.
             The game lasted 01:07:19 (38959 turns).

UltraSeven the Warrior (DrSh)                      Turns: 38959, Time: 01:07:20

Health: -6/210     AC: 31    Str: 17    XL:     16   Next: 67%
Magic:  16/16      EV: 26    Int: 12    God:    Wu Jian [*****.]
Gold:   187        SH:  0    Dex: 17    Spells: 9/15 levels left

rFire   . .          .
                       - Unarmed
rCold   + . .        (no shield)
rNeg    + . .        (body armour unavailable)
rPois   ∞            (helmet restricted)
rElec   +            s - +0 cloak of the Thief {Quiet Slay-3 SInv Stlth+}
rCorr   .            (gloves currently unavailable)
SInv    +            (boots currently unavailable)
Will    +....        E - amulet of the acrobat
Stlth   +            T - ring of ice
HPRegen 0.55/turn    G - ring of protection from fire
MPRegen 0.15/turn

%: acrobat
@: exhausted, statue-form, in a heavenly storm, glowing, very slow
A: slow and powerful, torment resistance 1, boosted hp, (steam breath), AC +9,
unfitting armour, cold-blooded, steam resistance, stinger 1
a: Begin Untransformation, Renounce Religion, Wall Jump, Serpent's Lash,
Heavenly Storm


You were in an ice cave.
You worshipped Wu Jian.
Wu Jian was extremely pleased with you.
You were a living statue of rough stone.
You visited 4 branches of the dungeon, and saw 25 of its levels.
You also visited: Bailey and Ice Cave.

You collected 2582 gold pieces.
You spent 2395 gold pieces at shops.

Inventory:

Missiles
 c - 6 curare-tipped darts
 v - 4 throwing nets
 A - 12 silver javelins
 W - 4 javelins
Armour
 s - the +0 cloak of the Thief (worn) {Quiet Slay-3 SInv Stlth+}
   (You bought it in a shop on level 5 of the Dungeon)

   Quiet:     All noise in your surroundings is dampened.
   Slay-3:    It affects your accuracy & damage with ranged weapons and melee
   (-3).
   SInv:      It lets you see invisible.
   Stlth+:    It makes you more stealthy.
 D - a +0 pair of gloves
 F - a +2 hat
Jewellery
 d - a ring of resist corrosion
 y - a ring of poison resistance
 B - a ring of see invisible
 E - an amulet of the acrobat (around neck)
 G - a ring of protection from fire (right fist)
 J - an amulet of regeneration
 T - a ring of ice (left fist)
Talismans
 a - a serpent talisman
 h - a granite talisman (active)
Wands
 f - a wand of iceblast (6)
 i - a wand of digging (7)
 C - a wand of acid (31)
Scrolls
 b - 5 scrolls of fog
 j - 7 scrolls of teleportation
 k - a scroll of silence
 l - a scroll of poison
 m - 4 scrolls of fear
 o - 2 scrolls of amnesia
 q - 6 scrolls of immolation
 r - 5 scrolls of enchant armour
 w - a scroll of enchant weapon
 z - 2 scrolls of torment
 K - 4 scrolls of brand weapon
 N - 3 scrolls of revelation
 O - 5 scrolls of blinking
 R - 4 scrolls of identify
Potions
 e - a potion of magic
 g - 9 potions of curing
 n - 6 potions of heal wounds
 t - 5 potions of lignification
 u - 6 potions of might
 x - 2 potions of resistance
 H - a potion of attraction
 I - 4 potions of invisibility
 L - 2 potions of mutation
 P - 3 potions of brilliance
 S - a potion of haste
 V - 4 potions of cancellation
 X - a potion of enlightenment
Miscellaneous
 U - a condenser vane


   Skills:
 + Level 19.7 Fighting
 - Level 5.3 Dodging
 - Level 18.0 Unarmed Combat
 * Level 19.1 Shapeshifting


You had 9 spell levels left.
You knew the following spells:

 Your Spells              Type           Power      Damage    Failure   Level
q - Blink                 Tloc           0%         N/A       45%         2
r - Passage of Golubria   Tloc           0%         N/A       97%         4

Your spell library contained the following spells:

 Spells                   Type           Power      Damage    Failure   Level
 Apportation              Tloc           0%         N/A       32%         1
 Magic Dart               Conj           0%         1d3       32%         1
 Necrotise                Necr           0%         1d4       32%         1
 Sandblast                Erth           0%         2d4       32%         1
 Slow                     Hex            0%         N/A       32%         1
 Summon Small Mammal      Summ           0%         N/A       32%         1
 Call Imp                 Summ           0%         N/A       45%         2
 Cigotuvi's Dreadful Rot  Necr/Alch/Air  0%         N/A       45%         2
 Ensorcelled Hibernation  Hex/Ice        0%         N/A       45%         2
 Scorch                   Fire           0%         2d5       45%         2
 Call Canine Familiar     Summ           0%         N/A       69%         3
 Fugue of the Fallen      Necr           0%         N/A       69%         3
 Gell's Gravitas          Tloc           0%         N/A       69%         3
 Hailstorm                Conj/Ice       0%         3d5       69%         3
 Inner Flame              Hex/Fire       0%         N/A       69%         3
 Passwall                 Erth           0%         N/A       69%         3
 Stone Arrow              Conj/Erth      0%         3d7       69%         3
 Summon Ice Beast         Ice/Summ       0%         N/A       69%         3
 Teleport Other           Tloc           0%         N/A       69%         3
 Anguish                  Hex/Necr       0%         N/A       97%         4
 Brom's Barrelling Bould  Conj/Erth      0%         2d3       97%         4
 Dispel Undead            Necr           0%         3d6       97%         4
 Flame Wave               Conj/Fire      0%         2d4       97%         4
 Leda's Liquefaction      Alch/Erth      0%         N/A       97%         4
 Martyr's Knell           Necr/Summ      0%         N/A       97%         4
 Petrify                  Alch/Erth      0%         N/A       97%         4
 Summon Blazeheart Golem  Fire/Summ      0%         N/A       97%         4
 Irradiate                Conj/Alch      0%         3d11      100%        5
 Metabolic Englaciation   Hex/Ice        0%         N/A       100%        5
 Silence                  Hex/Air        0%         N/A       100%        5
 Summon Forest            Summ/Tloc      0%         N/A       100%        5
 Summon Mana Viper        Hex/Summ       0%         N/A       100%        5
 Yara's Violent Unravell  Hex/Alch       0%         3d3       100%        5
 Death Channel            Necr           0%         N/A       100%        6
 Dispersal                Tloc           0%         N/A       100%        6
 Plasma Beam              Fire/Air       0%         2x1d10    100%        6
 Sculpt Simulacrum        Ice/Alch       0%         N/A       100%        6
 Summon Cactus Giant      Summ           0%         N/A       100%        6
 Ignition                 Fire           0%         3d3       100%        8
 Lehudib's Crystal Spear  Conj/Erth      0%         10d2      100%        8
 Shatter                  Erth           0%         3d5*      100%        9


Dungeon Overview and Level Annotations

Branches:
Dungeon (15/15) Zot: 22205  Temple (0/1) D:7            Lair (5/5) D:8 Zot: 21270
  Swamp (0/4) Lair:3       Spider (3/4) Lair:2 Zot: 13388   Slime (0/5) Lair:5
    Orc (2/2) D:9 Zot: 7359     Elf (0/3) Orc:2        Vaults (0/5) D:13
 Depths (0/4) D:15         Bailey (visited)           IceCv (1/1) Zot: 5990

Altars:
Cheibriados
Dithmenos
Elyvilon
Kikubaaqudgha
Makhleb
Nemelex Xobeh
Okawaru
Qazlal
Vehumet
Wu Jian
Xom
Beogh
Jiyva

Shops:
D:2 !   D:5 [*   Orc:1 !*   Orc:2 :(*!

Portals:
Trove: D:10 (give 14 scrolls of teleportation)

Annotations:
IceCv 1 transporter


Innate Abilities, Weirdness & Mutations

You are a living statue of rough stone.
Your actions are slow, but your melee attacks are powerful.
You are resistant to unholy torment.
Your maximum health is greatly increased.
Your equipment is partially melded.
((You can breathe blasts of scalding, opaque steam.))
((Your pale cyan-grey scales are hard. (AC +9)))
You cannot fit into any form of body armour.
You are immune to poison.
You are cold-blooded and may be slowed by cold attacks.
You are immune to the effects of steam.
Your tail ends in a venomous barb.


Message History

You beat the white very ugly thing into a bloody pulp!!!
You kill the white very ugly thing!
The Council accepts your kill.
You spin and attack the alligator simulacrum.
You pummel the alligator simulacrum!!
The alligator simulacrum is severely damaged.
The caustic shrike simulacrum closely misses you.
The caustic shrike simulacrum misses you.
The alligator simulacrum closely misses you.
The alligator simulacrum misses you.
The caustic shrike simulacrum barely misses you.
The caustic shrike simulacrum claws you.
The caustic shrike simulacrum freezes you!!
You resist.
You take 20 HP, and have [81/210] HP You spin and attack the caustic shrike simulacrum.
You closely miss the caustic shrike simulacrum.
The caustic shrike simulacrum completely misses you.
The caustic shrike simulacrum claws you!
The caustic shrike simulacrum freezes you!
You resist.
* * * LOW HITPOINT WARNING * * *
The caustic shrike simulacrum misses you.
The caustic shrike simulacrum claws you but does no damage.
The caustic shrike simulacrum completely misses you.
You take 29 HP, and have [52/210] HP You spin and attack the caustic shrike simulacrum.
You barely miss the caustic shrike simulacrum.
Your tail-slap misses the caustic shrike simulacrum.
You punch the caustic shrike simulacrum!
The caustic shrike simulacrum is lightly damaged.
You spin and attack the golden dragon simulacrum.
You hit the golden dragon simulacrum but do no damage.
The caustic shrike simulacrum claws you!!
* * * LOW HITPOINT WARNING * * *
The caustic shrike simulacrum freezes you!!
You resist.
* * * LOW HITPOINT WARNING * * *
The golden dragon simulacrum bites you!
You die...

####
###...####
##........##
#..........##
#.....○☼○☼☼☼##
#.=..ß☼§○°§○.#
#ß.(.☼☼ZZI☼°.#
#©©((☼○○ZZ○§∩#
#ß.$.§Z○Z○§○.#
#./..ß☼○§°°.°#
#.....§☼○§○.##
#..........##
##........##
###...####
####


You could see an alligator simulacrum, a lindwurm simulacrum, a golden dragon
simulacrum and 2 caustic shrike simulacra.

Vanquished Creatures
  Jorgrun (Spider:1)
  Rupert (D:12)
  Roxanne (Spider:2)
  5 emperor scorpions (Spider:1)
  A ghost moth (Spider:2)
  A very ugly thing (IceCv)
  2 orc warlords (Orc:2)
  A broodmother (Spider:2)
  2 fire dragons
  An ice dragon (D:15)
  4 entropy weavers
  3 vault guards (D:13)
  Harold (Lair:2)
  Josephine (D:15)
  Erolcha (D:13)
  7 hydras
  3 ogre magi
  Erica (Orc:1)
  3 centaur warriors
  2 catoblepae (Lair:5)
  2 boulder beetles
  11 two-headed ogres
  A deep troll shaman (Lair:5)
  Urug (D:12)
  12 death yaks
  3 demonic crawlers
  An occultist (D:14)
  2 tengu warriors (D:14)
  Nergalle (Orc:2)
  An orc high priest (Orc:2)
  2 skysharks
  2 deep elf knights (D:13)
  4 pharaoh ants
  A goliath frog (D:13)
  3 orb spiders
  3 arcanists
  A steelbarb worm (Lair:2)
  6 orc knights
  Pikel (D:7)
  2 deep elf pyromancers
  A deep elf zephyrmancer (D:14)
  8 wolf spiders
  9 ugly things
  7 manticores
  3 orc sorcerers
  Maurice (D:7)
  4 cyclopes
  A meliai (shapeshifter) (D:13)
  4 black mambas
  4 kobold blastminers
  6 slime creatures
  10 elephants
  Joseph (D:7)
  2 torpor snails
  13 cane toads
  4 gargoyles
  3 kobold demonologists
  An unseen horror (D:13)
  A yaktaur (D:13)
  2 rime drakes
  6 komodo dragons
  An ice devil (D:9)
  An anaconda simulacrum (IceCv)
  2 tyrant leeches (Lair:3)
  6 trolls
  A hellwing (D:9)
  12 hornets
  8 blink frogs
  6 tarantellas
  10 dream sheep
  14 jumping spiders
  4 shadows
  34 yaks
  10 culicivoras
  4 vampires
  A human (shapeshifter) (D:14)
  6 wyverns
  5 wraiths
  2 basilisks
  2 humans (D:13)
  5 wargs
  Grum (D:8)
  A chaos spawn (D:9)
  8 vampire mosquitoes
  2 neqoxecs (D:9)
  42 redbacks
  A steam dragon (D:9)
  3 swamp worms (Lair:3)
  13 water moccasins
  2 hell hounds (D:13)
  33 orc warriors
  A sky beast (D:8)
  5 black bears
  2 ice beasts
  2 laughing skulls (D:13)
  33 wolves
  An ettin simulacrum (IceCv)
  14 ogres
  The ghost of Dorkslayer the Trooper, an amateur DsFi (D:3)
  13 centaurs
  4 lemures (D:7)
  6 kobold brigands
  10 bullfrogs
  10 scorpions
  9 gnoll sergeants
  9 wights
  11 killer bees
  2 electric eels (Lair:2)
  5 howler monkeys (D:9)
  6 jellies
  8 hounds
  13 orc priests
  2 bombardier beetles (D:5)
  2 sleepcaps
  2 gnoll boudas
  Jessica (D:15)
  4 iguanas
  24 orc wizards
  2 hell rats (D:13)
  Terence (D:2)
  23 gnolls
  8 adders
  4 river rats (D:13)
  A shadow imp (D:6)
  2 white imps
  5 ribbon worms
  2 dart slugs
  75 orcs
  7 ball pythons
  10 bats
  13 endoplasms
  7 giant cockroaches
  5 goblins
  8 hobgoblins
  13 jackals
  31 kobolds
  5 quokkas
  2 frilled lizards (D:1)
  11 rats
868 creatures vanquished.

Vanquished Creatures (others)
  A jackal (D:13)
1 creature vanquished.

Grand Total: 869 creatures vanquished

Notes
Turn   | Place    | Note
-------+----------+-------------------------------------------
     0 | D:1      | UltraSeven the Draconian Shapeshifter began the quest for
                  | the Orb.
     0 | D:1      | Reached XP level 1. HP: 16/16 MP: 1/1
    93 | D:1      | Reached XP level 2. HP: 23/23 MP: 2/2
   579 | D:1      | Reached XP level 3. HP: 25/28 MP: 3/3
   818 | D:2      | Noticed Terence
   841 | D:2      | Killed Terence
   898 | D:2      | Found Ruopexi's Distillery.
   904 | D:2      | Reached XP level 4. HP: 30/35 MP: 4/4
   944 | D:2      | Bought a potion of curing for 36 gold pieces
  1238 | D:2      | Reached skill level 5 in Shapeshifting
  1251 | D:2      | Found Vemnops's Magic Scroll Shop.
  1260 | D:2      | Bought a scroll of identify for 22 gold pieces
  1260 | D:2      | Bought a scroll of teleportation for 33 gold pieces
  1711 | D:3      | Reached XP level 5. HP: 34/40 MP: 5/5
  2135 | D:3      | Found a runed translucent gate.
  2135 | D:3      | Found a runed translucent gate.
  2136 | D:3      | Found a runed translucent gate.
  2138 | D:3      | Noticed Dorkslayer's ghost (amateur DsFi)
  2335 | D:4      | Found a white marble altar of Elyvilon.
  2479 | D:5      | Entered Level 5 of the Dungeon
  2677 | D:4      | Reached XP level 6. HP: 47/47 MP: 6/6
  2992 | D:4      | Found an ornate altar of the Wu Jian Council.
  2992 | D:4      | Found an ancient bone altar of Kikubaaqudgha.
  2992 | D:4      | Found an iron altar of Okawaru.
  3069 | D:4      | Became a worshipper of the Wu Jian Council
  3318 | D:5      | Found Utsuury's Assorted Antiques.
  3320 | D:5      | Found Meestuh's Armour Boutique.
  3324 | D:5      | Bought a scroll labelled COATTE MOME for 28 gold pieces
  3328 | D:5      | Bought the +0 cloak of the Thief {Quiet Slay-3 SInv Stlth+}
                  | for 70 gold pieces
  3328 | D:5      | Found the +0 cloak of the Thief {Quiet Slay-3 SInv Stlth+}
  3744 | D:5      | Your scales start taking on a pale cyan-grey colour.
  3744 | D:5      | Reached XP level 7. HP: 10/52 MP: 7/7
  3744 | D:5      | Gained mutation: You are immune to the effects of steam.
                  | [Pale Draconian growth]
  4408 | D:5      | Identified the +0 robe of Honour {Str+5}
  4630 | D:6      | Reached XP level 8. HP: 59/59 MP: 8/8
  4849 | D:6      | Reached * piety under Wu Jian
  4901 | D:6      | Got the Quarto of Transposition and the Caves
  4944 | D:6      | Reached skill level 10 in Shapeshifting
  5676 | D:7      | Found a staircase to the Ecumenical Temple.
  5676 | D:7      | Noticed Maurice
  5686 | D:7      | Paralysed by Maurice for 5 turns
  5699 | D:7      | Paralysed by Maurice for 3 turns
  5704 | D:7      | Maurice stole a maw talisman
  5707 | D:7      | Killed Maurice
  5708 | D:7      | Reached skill level 5 in Fighting
  5708 | D:7      | Reached skill level 5 in Unarmed Combat
  5708 | D:7      | Reached XP level 9. HP: 35/74 MP: 5/9
  6061 | D:7      | Found a snail-covered altar of Cheibriados.
  6105 | D:7      | Noticed Pikel
  6162 | D:7      | Killed Pikel
  6304 | D:7      | Noticed Joseph
  6321 | D:7      | Killed Joseph
  6321 | D:7      | Reached ** piety under Wu Jian
  6824 | D:8      | Found a flagged portal.
  6829 | Bailey   | Entered a bailey
  7264 | Bailey   | Reached XP level 10. HP: 90/90 MP: 10/10
  7287 | Bailey   | Noticed an orc knight
  7318 | Bailey   | Killed an orc knight
  7410 | Bailey   | Identified the +9 executioner's axe of Death's Door {speed,
                  | rF+ Int+5}
  7553 | D:8      | Reached skill level 10 in Fighting
  7563 | D:8      | Noticed Grum
  7650 | D:8      | Reached *** piety under Wu Jian
  7668 | D:8      | Killed Grum
  7723 | D:8      | Reached skill level 10 in Unarmed Combat
  8396 | D:8      | Found a staircase to the Lair.
  8611 | D:9      | Reached XP level 11. HP: 102/102 MP: 11/11
  8810 | D:9      | Found a staircase to the Orcish Mines.
  8822 | D:9      | Reached **** piety under Wu Jian
  9597 | D:9      | Identified the +4 flail "Neoff" {protect, Str+4 Int+4}
  9787 | D:9      | Gained mutation: Potions are less effective at restoring
                  | your health. [a neqoxec]
  9789 | D:9      | Gained mutation: Your body sometimes deteriorates upon
                  | taking damage. [a neqoxec]
 10158 | D:9      | Noticed a two-headed ogre
 10273 | D:9      | Found a shadowy altar of Dithmenos.
 10326 | D:9      | Killed a two-headed ogre
 10342 | D:9      | Found a radiant altar of Vehumet.
 10572 | Orc:1    | Entered Level 1 of the Orcish Mines
 10627 | Orc:1    | Found a shimmering altar of Xom.
 10687 | Orc:1    | Found Oschas's Distillery.
 10691 | Orc:1    | Bought a potion of resistance for 120 gold pieces
 10691 | Orc:1    | Bought a potion of attraction for 36 gold pieces
 10691 | Orc:1    | Bought 2 potions of invisibility for 192 gold pieces
 10698 | Orc:1    | Noticed an orc sorcerer
 10714 | Orc:1    | Killed an orc sorcerer
 10715 | Orc:1    | Reached skill level 15 in Fighting
 10734 | Orc:1    | Noticed an orc knight
 10770 | Orc:1    | Killed an orc knight
 10920 | Orc:1    | Found Xuinapul's Assorted Antiques.
 10920 | Orc:1    | Found Woblao's Distillery.
 10933 | Orc:1    | Bought a scroll of identify for 64 gold pieces
 10933 | Orc:1    | Bought an inky potion for 28 gold pieces
 10933 | Orc:1    | Bought a scroll of identify for 64 gold pieces
 10947 | Orc:1    | You fall into a shaft and drop 1 floor!
 10947 | Orc:2    | Entered Level 2 of the Orcish Mines
 11383 | Orc:1    | Noticed Erica
 11393 | Orc:1    | Killed Erica
 11594 | Orc:1    | Reached XP level 12. HP: 89/119 MP: 12/12
 11819 | Orc:1    | Bought a potion of mutation for 96 gold pieces
 11819 | Orc:1    | Lost mutation: Your body sometimes deteriorates upon taking
                  | damage. [potion of mutation]
 11819 | Orc:1    | Lost mutation: Potions are less effective at restoring your
                  | health. [potion of mutation]
 11819 | Orc:1    | Gained mutation: Your tail ends in a venomous barb. [potion
                  | of mutation]
 12081 | Orc:2    | Found Ezyhiuh's Distillery.
 12135 | Orc:2    | Reached ***** piety under Wu Jian
 12256 | Orc:2    | Noticed an ogre mage
 12256 | Orc:2    | Noticed a two-headed ogre
 12271 | Orc:2    | Noticed a two-headed ogre
 12279 | Orc:1    | Killed an ogre mage
 12337 | Orc:2    | Noticed a two-headed ogre
 12344 | Orc:1    | Killed a two-headed ogre
 12462 | Orc:2    | Noticed an orc warlord
 12477 | Orc:2    | Killed an orc warlord
 12665 | Orc:2    | Found a staircase to the Elven Halls.
 12716 | Orc:2    | Noticed an orc warlord
 12966 | Orc:2    | Killed a two-headed ogre
 13165 | Orc:2    | Bought a potion of degeneration for 15 gold pieces
 13272 | Orc:2    | Killed a two-headed ogre
 13272 | Orc:2    | Killed an orc warlord
 13624 | Orc:2    | Noticed Nergalle
 13914 | Orc:2    | Noticed an orc high priest
 14612 | Orc:2    | Killed Nergalle
 14729 | Orc:2    | Found a roughly hewn altar of Beogh.
 14735 | Orc:2    | Found Ryfeov's General Store.
 14735 | Orc:2    | Killed an orc high priest
 14931 | Orc:2    | Found Ofreotes's Antique Weapon Shoppe.
 14983 | Orc:2    | Bought a scroll of immolation for 56 gold pieces
 14983 | Orc:2    | Bought a scroll of noise for 14 gold pieces
 14983 | Orc:2    | Bought a scroll of identify for 28 gold pieces
 14991 | Orc:2    | Found Emoz's Antique Armour Shoppe.
 15018 | Orc:2    | Found Afrauterph's Book Shoppe.
 15300 | Lair:1   | Entered Level 1 of the Lair of Beasts
 15321 | Lair:1   | Reached XP level 13. HP: 124/132 MP: 13/13
 16545 | Lair:2   | Reached skill level 15 in Shapeshifting
 16834 | Lair:2   | Noticed Harold
 16854 | Lair:2   | Killed Harold
 16912 | Lair:2   | Found a hole to the Spider Nest.
 18304 | Lair:3   | Identified a scroll of acquirement
 18322 | Lair:3   | Acquired a manual of Unarmed Combat
 18532 | Lair:3   | Found a shadowy altar of Dithmenos.
 18867 | Lair:3   | Found a staircase to the Swamp.
 20253 | Lair:4   | Reached XP level 14. HP: 52/143 MP: 14/14
 20767 | Lair:5   | Entered Level 5 of the Lair of Beasts
 22072 | Lair:5   | Found a staircase to the Slime Pits.
 22072 | Lair:5   | Found a viscous altar of Jiyva.
 23134 | D:10     | Entered Level 10 of the Dungeon
 23152 | D:10     | Found a burning altar of Makhleb.
 23325 | D:10     | Found a stormy altar of Qazlal.
 23481 | D:10     | Found a portal to a secret trove of treasure.
 23492 | D:10     | Identified the +10 shortbow "Tuptar" {flame, Int+5}
 24695 | D:12     | Learned a level 2 spell: Blink
 24700 | D:12     | Learned a level 4 spell: Passage of Golubria
 25165 | D:12     | Noticed Rupert
 25181 | D:12     | Killed Rupert
 25526 | D:12     | You fall into a shaft and drop 3 floors!
 25526 | D:15     | Entered Level 15 of the Dungeon
 25733 | D:14     | Reached XP level 15. HP: 117/147 MP: 15/15
 26412 | D:15     | Reached skill level 15 in Unarmed Combat
 26417 | D:15     | Found a staircase to the Depths.
 26612 | D:15     | Found a sparkling altar of Nemelex Xobeh.
 26612 | D:15     | Noticed Jessica
 26615 | D:15     | Killed Jessica
 26836 | D:15     | Noticed Josephine
 26844 | D:15     | Killed Josephine
 27847 | D:14     | Got Ts'ui Pên's Folio of Forking Paths
 27934 | D:14     | Got Woecsoot's Precepts of Combed Thunderclap
 27962 | D:14     | Got the Omnibus of Sand
 30169 | D:13     | Paralysed by an orc sorcerer for 5 turns
 30461 | D:13     | Found a gate to the Vaults.
 30737 | D:13     | Noticed Erolcha
 30747 | D:13     | Killed Erolcha
 30948 | D:13     | Got the Compilation of the Earthen Vertex
 31686 | D:12     | Noticed Urug
 31691 | D:12     | Killed Urug
 32714 | D:3      | Killed Dorkslayer's ghost
 32788 | D:2      | Bought a scroll of silence for 104 gold pieces
 32788 | D:2      | Bought a scroll of brand weapon for 104 gold pieces
 32788 | D:2      | Bought a scroll of teleportation for 33 gold pieces
 32788 | D:2      | Bought a scroll of revelation for 82 gold pieces
 32788 | D:2      | Bought a scroll of immolation for 44 gold pieces
 32788 | D:2      | Bought a scroll of fog for 44 gold pieces
 32992 | Orc:1    | Bought a scroll of teleportation for 96 gold pieces
 32997 | Orc:1    | Bought a potion of curing for 39 gold pieces
 32997 | Orc:1    | Bought a potion of berserk rage for 65 gold pieces
 32997 | Orc:1    | Bought a potion of curing for 39 gold pieces
 32997 | Orc:1    | Bought a potion of curing for 39 gold pieces
 32997 | Orc:1    | Bought a potion of curing for 39 gold pieces
 32997 | Orc:1    | Bought 2 potions of cancellation for 208 gold pieces
 32997 | Orc:1    | Bought a potion of might for 52 gold pieces
 32997 | Orc:1    | Bought a potion of brilliance for 52 gold pieces
 32997 | Orc:1    | Bought a potion of enlightenment for 65 gold pieces
 32997 | Orc:1    | Bought a potion of cancellation for 104 gold pieces
 32997 | Orc:1    | Bought a potion of mutation for 104 gold pieces
 33203 | D:2      | Bought 2 potions of heal wounds for 120 gold pieces
 33203 | D:2      | Bought a potion of heal wounds for 60 gold pieces
 33416 | Spider:1 | Entered Level 1 of the Spider Nest
 33949 | Spider:1 | Reached XP level 16. HP: 136/157 MP: 16/16
 35119 | Spider:1 | Reached ****** piety under Wu Jian
 37426 | Spider:2 | Noticed Jorgrun
 37458 | Spider:1 | Killed Jorgrun
 37490 | Spider:2 | Reached skill level 5 in Dodging
 38372 | Spider:2 | Noticed Roxanne
 38376 | Spider:2 | Killed Roxanne
 38938 | Spider:3 | Found a glacial archway.
 38952 | IceCv    | Entered an ice cave
 38956 | IceCv    | Found a transporter.
 38959 | IceCv    | HP: 9/210 [caustic shrike simulacrum (26)]
 38959 | IceCv    | Mangled by a golden dragon simulacrum

Illustrated notes

Levels and vault maps discovered:
D:1:      mushboom_english_gardens, layout_basic, minmay_misc_feat_enclosed
D:2:      layout_rooms, serial_shops, shop, nicolae_shop_stone, uniq_terence
D:3:      layout_loops_ring, ebering_ghost_rock_garden, grunt_ministairs_11,
          minmay_door_square, saegor_snake_ambush
D:4:      layout_cave_pods, gammafunk_temple_overflow_claw,
          mainiacjoe_overflow_small_starburst, minmay_misc_feat_x
D:5:      minmay_opposing_rooms, layout_cave_pods, nicolae_wooded_promenade
D:6:      layout_basic
D:7:      layout_basic, mainiacjoe_overflow_24_doors,
          minmay_temple_entry_butterflies, uniq_pikel, uniq_joseph, uniq_maurice
D:8:      layout_basic, lair_entry_dummy, enter_bailey_1, corner_web_ring,
          kennysheep_kite_vault, uniq_grum
D:9:      layout_irregular_city, mainiacjoe_overflow_two_lobes,
          kennysheep_orc_monster_closet_entryway, kennysheep_pointless_box,
          st_stairs_11, nicolae_neqoxec_dot_bat
D:10:     layout_irregular_city, kennysheep_mini,
          nicolae_qazlal_style_of_elements, nicolae_trove_entry_free_sample
D:11:     layout_basic
D:12:     layout_cave_pools, uniq_urug, uniq_rupert
D:13:     layout_loops_ring, grunt_vaults_entry_fortified, grunt_ministairs_4,
          hangedman_parallel_progression, uniq_erolcha
D:14:     layout_cave_pools, nicolae_benzene_ring, bh_hangedman_babel_library
D:15:     grunt_enter_depths_hoard, layout_irregular_city,
          minmay_misc_feat_pillars, nemelex_lonely_heart_becter, uniq_josephine
Lair:1:   layout_loops_ring
Lair:2:   layout_gridlike, spider_nest_entry_rubble, grunt_megastairs_5,
          infiniplex_staircase_pool_2, uniq_harold
Lair:3:   layout_regular_city, minmay_swamp_entry_worms, basic_altar
Lair:4:   layout_cave_shapes, grunt_megastairs_3
Lair:5:   grunt_lair_end_beastmaster, layout_regular_city, slime_entry_1,
          infiniplex_staircase_pool, serial_bayou_shore_b
Spider:1: spiders_nest_scorpion_pit
Spider:2: layout_chambers, uniq_roxanne, uniq_jorgrun
Spider:3: layout_spider_delve, portal_ice_cave_entry_pillars_1, drop_trap,
          nicolae_spider_eight_legs, uniq_bai_suzhen, uniq_agnes, uniq_asterion
Orc:1:    nicolae_orc_accident_1, layout_caves, basic_altar, serial_shops,
          nicolae_shop_trees, shop, shop, uniq_erica
Orc:2:    grunt_orc_cross, layout_caves, serial_shops, nicolae_shop_peninsula,
          nicolae_orc_crystal_seam
IceCv:    ice_cave_statue_garden_transporter

Skill      XL: |  1  2  3  4  5  6  7  8  9 10 11 12 13 14 15 16 |
---------------+-------------------------------------------------+-----
Shapeshifting  | 4 5 6 7 9 10 12 14 16 18 19 | 19.1
Fighting       | 5 8 11 15 17 18 19 | 19.7
Unarmed Combat | 5 6 10 11 14 17 18 | 18.0
Dodging        | 2 5 |  5.3

Action                     |  1- 3 |  4- 6 |  7- 9 | 10-12 | 13-15 | 16-18 || total
---------------------------+-------+-------+-------+-------+-------+-------++-------
  Melee: Unarmed           |    94 |   207 |   489 |   845 |  1336 |   322 ||  3293
         Tailslap          |     6 |    27 |    65 |   138 |   215 |     5 ||   456
         Punch             |     1 |     9 |    12 |    56 |   114 |     3 ||   195
         Maw               |       |       |   104 |   309 |   390 |       ||   803
         Executioner's axe |       |       |       |    33 |       |       ||    33
         Constrict         |       |       |       |       |    34 |    72 ||   106
  Throw: Dart              |       |       |     1 |     6 |     1 |       ||     8
         Throwing net      |       |       |     1 |     1 |     1 |       ||     3
 Invoke: Serpent's Lash    |       |       |       |     6 |     8 |     7 ||    21
         Heavenly Storm    |       |       |       |     1 |     1 |     1 ||     3
Ability: Lunge             |       |     2 |    26 |    65 |    81 |    18 ||   192
         Steam Breath      |       |       |     4 |     9 |     7 |       ||    20
         Whirlwind         |       |       |     9 |    77 |    82 |    23 ||   191
         Wall Jump         |       |       |       |     6 |     2 |     2 ||    10
  Evoke: Wand              |       |       |       |    14 |    13 |     1 ||    28
         Condenser vane    |       |       |       |       |     1 |       ||     1
    Use: Scroll            |       |     2 |     5 |     6 |    16 |     1 ||    30
         Potion            |       |       |       |     4 |     3 |     3 ||    10
   Stab: Sleeping          |       |       |     4 |     3 |     8 |     1 ||    16
         Paralysed         |       |       |       |    15 |       |       ||    15
         Held in net/web   |       |       |       |     1 |     1 |     1 ||     3
         Distracted        |       |       |       |       |     3 |       ||     3
 Armour: Skin              |    31 |    77 |   236 |   367 |  1009 |   327 ||  2047
  Dodge: Dodged            |    93 |   186 |   372 |   674 |   797 |   193 ||  2315
  Block: Other             |       |       |       |     5 |       |       ||     5
   Form: Maw               |       |       |     1 |       |       |       ||     1
         Blade             |       |       |       |       |     1 |       ||     1
         Serpent           |       |       |       |       |     1 |       ||     1
         Statue            |       |       |       |       |       |     1 ||     1

Table legend: (Time is in decaauts)
 A = Elapsed time spent in this place.
 B = Non-inter-level travel time spent in this place.
 C = Inter-level travel time spent in this place.
 D = Time resting spent in this place.
 E = Time spent auto-exploring this place.
 F = Levels seen in this place.
 G = Mean time per level.
                   A        B        C        D        E       F      G
               +--------+--------+--------+--------+--------+-----+--------+
         Total |  38904 |  35496 |   3408 |   3614 |  25239 |  27 | 1440.9 |
       Dungeon |  20273 |  17964 |   2309 |   1779 |  12839 |  15 | 1351.5 |
          Lair |   8729 |   8176 |    553 |   1098 |   5761 |   5 | 1745.8 |
   Spider Nest |   4611 |   4472 |    139 |     47 |   3782 |   3 | 1537.0 |
  Orcish Mines |   4640 |   4234 |    406 |    689 |   2453 |   2 | 2320.0 |
        Bailey |    641 |    641 |      0 |      0 |    402 |   1 |  641.0 |
      Ice Cave |      8 |      8 |      0 |      0 |      0 |   1 |    8.0 |
               +--------+--------+--------+--------+--------+-----+--------+

Top non-repeatable levels by time:
    D:13: 3046 daAuts
  Lair:2: 2631 daAuts
   Orc:2: 2628 daAuts
Spider:1: 2572 daAuts
  Lair:5: 2180 daAuts
     D:9: 2025 daAuts
Spider:2: 2018 daAuts
   Orc:1: 2011 daAuts
     D:8: 1715 daAuts
    D:14: 1713 daAuts
     D:5: 1627 daAuts
  Lair:3: 1524 daAuts
    D:15: 1476 daAuts
     D:7: 1351 daAuts
  Lair:1: 1311 daAuts
